 Dungeon Crawl Stone Soup version 0.18-a0-731-ga019a5f (webtiles) character file.

88 JokEr the Skirmisher (level 4, -1/30 HPs)
             Began as a Gargoyle Fighter on Dec 9, 2015.
             Slain by an orc
             ... wielding a +0 flail
              (2 damage)
             ... on level 2 of the Dungeon.
             The game lasted 00:03:29 (1689 turns).

JokEr the Skirmisher (Gargoyle Fighter)             Turns: 1689, Time: 00:03:29

Health: -1/30      AC: 10    Str: 21    XL:     4   Next: 53%
Magic:  4/4        EV:  7    Int:  8    God:
Gold:   90         SH:  9    Dex:  9    Spells: 0 memorised, 3 levels left

rFire  . . .     SeeInvis .     a - +1 flail
rCold  . . .     Clarity  .     b - +0 scale mail
rNeg   + . .     SustAt   .     c - +0 shield
rPois  ∞         Gourm    .     (no helmet)
rElec  +         Spirit   .     (no cloak)
rCorr  .         Dismiss  .     (no gloves)
rMut   .         Stasis   .     (no boots)
MR     .....                    (no amulet)
Stlth  ..........               (no ring)
                                (no ring)

@: not resistant to hostile enchantments, extremely unstealthy
A: negative energy resistance 1, electricity resistance, unbreathing,
petrification resistance, rot immunity, AC +3
a: no special abilities


You were on level 2 of the Dungeon.
You were not hungry.

You visited 1 branch of the dungeon, and saw 3 of its levels.

You collected 90 gold pieces.

Inventory:

Hand Weapons
 a - a +1 flail (weapon)
Armour
 b - a +0 scale mail (worn)
 c - a +0 shield (worn)
Scrolls
 g - a scroll of remove curse
 n - a scroll of enchant weapon
Potions
 d - a potion of might
 f - a potion of cancellation {unknown}
 h - 2 potions of degeneration {unknown}
 i - a potion of heal wounds
 l - a potion of magic {unknown}
Comestibles
 e - a bread ration


   Skills:
 + Level 4.7 Fighting
 + Level 3.3 Maces & Flails
 - Level 3.2 Armour
 - Level 3.2 Shields


You had 3 spell levels left.
You didn't know any spells.

Dungeon Overview and Level Annotations

Branches:
Dungeon (3/15)

Altars:
Gozag
Nemelex Xobeh

Annotations:
D:3 Grinder


Innate Abilities, Weirdness & Mutations

You are resistant to torment.
Your stone body is resilient (AC +3).
You are immune to poison.
You resist negative energy.
You are resistant to electric shocks.
You can survive without breathing.
You are immune to petrification.
You are immune to rotting.


Message History

You are too injured to fight recklessly!
You hit the orc but do no damage.
The orc is moderately wounded.
The orc hits you but does no damage.
The giant newt bites you but does no damage.
The orc closely misses you.
You hit the orc but do no damage.
The orc is moderately wounded.
The giant newt barely misses you.
The giant newt bites you but does no damage.
The orc hits you with a flail.
* * * LOW HITPOINT WARNING * * *
You hit the orc.
The orc is heavily wounded.
You block the giant newt's attack. The orc hits you with a flail.
* * * LOW HITPOINT WARNING * * *
You hit the orc but do no damage.
The orc is heavily wounded.
The giant newt barely misses you. The orc hits you with a flail.
You die...

#####################
#...@o...............
#.##l##########....##
#.##.##########....#
#.##.#.............#
#.##.#.............#
#.##.#.............#
#.##.#.............#
#.##.#.............#
#.##.#.............##


You could see an orc and a giant newt.

Vanquished Creatures
  4 adders
  An ooze (D:2)
  2 worms (D:2)
  2 giant geckos
  An orc (D:3)
  2 ball pythons
  2 giant cockroaches
  10 hobgoblins
  5 bats
  A giant newt (D:1)
  4 goblins
  6 kobolds
  4 rats
44 creatures vanquished.

Notes
Turn   | Place    | Note
--------------------------------------------------------------
     0 | D:1      | JokEr the Gargoyle Fighter began the quest for the Orb.
     0 | D:1      | Reached XP level 1. HP: 14/14 MP: 1/1
   294 | D:1      | Reached XP level 2. HP: 19/19 MP: 2/2
   781 | D:1      | Reached XP level 3. HP: 24/24 MP: 3/3
   926 | D:2      | Reached skill level 4 in Fighting
  1021 | D:2      | Found a sparkling altar of Nemelex Xobeh.
  1021 | D:2      | Found an opulent altar of Gozag.
  1143 | D:2      | Reached XP level 4. HP: 26/30 MP: 4/4
  1655 | D:3      | Noticed Grinder
  1670 | D:3      | Paralysed by Grinder for 3 turns
  1688 | D:2      | HP: 1/30 [orc/flail (3)]
  1689 | D:2      | Slain by an orc

Vault maps used:
D:1:      dpeg_arrival_tiny_k
D:2:      minmay_door_path, grunt_gozag_breadcrumbs,
          nemelex_xobeh_ov_fountains_minmay
D:3:      interstate_on_off, uniq_grinder, uniq_jessica, uniq_robin

Action                   |  1- 3 |  4- 6 || total
-------------------------+-------+-------++-------
Melee: Flail             |   129 |    63 ||   192
  Use: Scroll            |     3 |     3 ||     6
  Eat: Bread ration      |       |     1 ||     1
